 Dungeon Sprint DCSS version 0.29.1-14-g9c671dbff4 (webtiles) character file.

Game seed: 3364095146046240503

811 Ast3rio the Spear-Bearer (level 7, -2/78 HPs)
             Began as a Minotaur Berserker on Feb 17, 2023.
             Was an Elder of Trog.
             Slain by a komodo dragon (11 damage)
             ... in the Dungeon (Sprint IX: "|||||||||||||||||||||||||||||").
             The game lasted 00:01:49 (195 turns).

Ast3rio the Spear-Bearer (Minotaur Berserker)        Turns: 195, Time: 00:01:49

Health: -2/78      AC: 14    Str: 24    XL:     7   Next: 61%
Magic:  6/6        EV:  9    Int:  4    God:    Trog [****..]
Gold:   0          SH:  0    Dex:  9    Spells: 6/6 levels left

rFire   . . .      SeeInvis .   a - +0 spear
rCold   . . .      Faith    .   (no shield)
rNeg    . . .      Spirit   .   t - +0 plate armour
rPois   .          Reflect  .   (helmet restricted)
rElec   .          Harm     .   (no cloak)
rCorr   .          Rampage  .   (no gloves)
Will    .....      NoTele   +   u - +0 pair of boots
Stlth   ..........              (no amulet)
HPRegen 0.23/turn               (no ring)
MPRegen 0.10/turn               (no ring)

@: no status effects
A: horns 2, retaliatory headbutt
a: Renounce Religion, Berserk, Trog's Hand, Brothers in Arms


You were in the Dungeon.
You worshipped Trog.
Trog was greatly pleased with you.
You visited 1 branch

Inventory:

Hand Weapons
 a - a +0 spear (weapon)
 m - the +2 dire flail of Ruwuq {vorpal, *Noise rElec rCorr Int+4}
   (You found it in the Dungeon)

   It inflicts extra damage upon your enemies.
   Int:       It affects your intelligence (+4).
   rElec:     It insulates you from electricity.
   *Noise:    It may make noises in combat.
   rCorr:     It protects you from acid and corrosion.
 n - a +2 halberd of protection
 o - a +4 quarterstaff of speed
 p - a +2 rapier of distortion
 q - a +2 scimitar of flaming
 r - a +3 vorpal war axe
Armour
 b - a +0 animal skin
 t - a +0 plate armour (worn)
 u - a +0 pair of boots (worn)
Jewellery
 k - a +2 ring of protection
 l - a +2 ring of evasion
Wands
 j - a wand of acid (10)
Scrolls
 h - 2 scrolls of blinking
 s - 2 scrolls of amnesia
Potions
 c - 5 potions of curing
 d - a potion of invisibility
 e - a potion of haste
 f - 4 potions of magic
 g - a potion of berserk rage
 i - 2 potions of heal wounds


   Skills:
 + Level 12.4 Fighting
 + Level 13.1 Polearms
 + Level 6.7 Armour
 + Level 7.5 Dodging


You had 6 spell levels left.
You didn't know any spells.
Your spell library was empty.

Dungeon Overview and Level Annotations

Branches:
Dungeon (1/1)

Altars:
Cheibriados
Dithmenos
Elyvilon
Fedhas
Gozag
Hepliaklqana
Kikubaaqudgha
Makhleb
Nemelex Xobeh
Okawaru
Qazlal
Ru
Sif Muna
Trog
Uskayaw
Vehumet
Wu Jian
Xom
Yredelemnul
Zin
The Shining One
Jiyva
Lugonu


Innate Abilities, Weirdness & Mutations

You have a pair of horns on your head.
You reflexively headbutt those who attack you in melee.


Message History

Deactivating autopickup; reactivate with Ctrl-A.
Your Fighting skill increases to level 11!
Your Polearms skill increases to level 12!
Your Armour skill increases to level 6!
You have reached level 7!
You closely miss something. Something hits you but does no damage.
You hit something. Your headbutt misses something.
Something hits you but does no damage. Something hits you!
You hit something but do no damage. You miss something.
Your headbutt misses something. Something hits you.
Something hits you but does no damage.
You puncture something! You hit something. Something hits you. x2
* * * LOW HITPOINT WARNING * * *
You miss something. Your headbutt misses something. Something hits you.
* * * LOW HITPOINT WARNING * * *
You barely miss something. Something hits you but does no damage.
You closely miss something. Your headbutt misses something.
Something hits you but does no damage.
You hit something. Something hits you but does no damage. Something hits you!
* * * LOW HITPOINT WARNING * * *
You puncture something! Your headbutt misses something.
Something hits you but does no damage.
You miss something. You headbutt something.
Something hits you but does no damage. x2
You hit something. Your headbutt misses something.
You hit something but do no damage. Your headbutt misses something.
Something hits you but does no damage.
You puncture something! You headbutt something. Something hits you.
* * * LOW HITPOINT WARNING * * *
You completely miss something. Something hits you but does no damage.
You miss something. You headbutt something. Trog accepts your kill.
Reactivating autopickup.
You feel a bit more experienced.
Your Fighting skill increases to level 12!
Your Polearms skill increases to level 13!
Your Dodging skill increases to level 7!
The komodo dragon bites you!
You die... ▓▓▓▓▓▓▓▓▓▓▓▓▓▓▓▓▓▓▓▓▓▓▓▓ ______'.....[...@l.....+ ▓▓▓▓▓▓▓▓▓▓▓▓▓▓▓▓▓▓▓▓▓▓▓▓

You could see a komodo dragon.

Vanquished Creatures
  An unseen horror (D)
  2 yaks (D)
  A centaur (D)
  A phantom (D)
  A scorpion (D)
  A killer bee (D)
  A gnoll (D)
  2 orcs (D)
  A ball python (D)
  A bat (D)
  A goblin (D)
  2 hobgoblins (D)
15 creatures vanquished.

Notes
Turn   | Place    | Note
-------+----------+-------------------------------------------
     0 | D        | Ast3rio the Minotaur Berserker began the quest for the Orb.
     0 | D        | Reached XP level 1. HP: 19/19 MP: 0/0
     9 | D        | Reached skill level 4 in Polearms
     9 | D        | Reached ** piety under Trog
    23 | D        | Noticed a scorpion
    23 | D        | Noticed a phantom
    29 | D        | Reached skill level 5 in Fighting
    29 | D        | Reached skill level 5 in Polearms
    29 | D        | Reached XP level 2. HP: 8/29 MP: 1/1
    38 | D        | HP: 1/29 [scorpion (1)]
    39 | D        | Killed a scorpion
    39 | D        | Reached *** piety under Trog
    40 | D        | Reached skill level 7 in Polearms
    40 | D        | Reached XP level 3. HP: 27/38 MP: 2/2
    40 | D        | Reached XP level 4. HP: 32/45 MP: 3/3
    51 | D        | Killed a phantom
    52 | D        | Reached skill level 8 in Polearms
    52 | D        | Reached XP level 5. HP: 26/53 MP: 4/4
    58 | D        | Found a snail-covered altar of Cheibriados.
    58 | D        | Found a shadowy altar of Dithmenos.
    58 | D        | Found a white marble altar of Elyvilon.
    58 | D        | Found a blossoming altar of Fedhas.
    58 | D        | Found an opulent altar of Gozag.
    59 | D        | Found a hazy altar of Hepliaklqana.
    60 | D        | Found a viscous altar of Jiyva.
    61 | D        | Found an ancient bone altar of Kikubaaqudgha.
    62 | D        | Found a corrupted altar of Lugonu.
    63 | D        | Found a burning altar of Makhleb.
    64 | D        | Found a sparkling altar of Nemelex Xobeh.
    65 | D        | Found an iron altar of Okawaru.
    66 | D        | Found a stormy altar of Qazlal.
    67 | D        | Found a sacrificial altar of Ru.
    68 | D        | Found a shimmering blue altar of Sif Muna.
    69 | D        | Found a bloodstained altar of Trog.
    70 | D        | Found a hide-covered altar of Uskayaw.
    71 | D        | Found a radiant altar of Vehumet.
    72 | D        | Found an ornate altar of the Wu Jian Council.
    73 | D        | Found a shimmering altar of Xom.
    74 | D        | Found a basalt altar of Yredelemnul.
    75 | D        | Found a glowing silver altar of Zin.
    76 | D        | Found a glowing golden altar of the Shining One.
   114 | D        | Got the +2 dire flail of Ruwuq {vorpal, *Noise rElec rCorr
                  | Int+4}
   149 | D        | Noticed a centaur
   149 | D        | Noticed a yak
   149 | D        | Noticed a yak
   149 | D        | Noticed a komodo dragon
   155 | D        | Killed a centaur
   155 | D        | Reached **** piety under Trog
   156 | D        | Reached skill level 9 in Polearms
   156 | D        | Reached skill level 5 in Dodging
   162 | D        | Reached skill level 10 in Polearms
   162 | D        | Reached skill level 5 in Armour
   162 | D        | Reached XP level 6. HP: 45/66 MP: 5/5
   168 | D        | Killed a yak
   169 | D        | Reached skill level 10 in Fighting
   169 | D        | Reached skill level 11 in Polearms
   176 | D        | Killed a yak
   177 | D        | Reached skill level 12 in Polearms
   177 | D        | Reached XP level 7. HP: 37/74 MP: 6/6
   193 | D        | Killed an unseen horror
   194 | D        | Reached skill level 13 in Polearms
   195 | D        | Slain by a komodo dragon

Illustrated notes

Levels and vault maps discovered:
D:        linesprint [early_d, line_temple, items_1, d_10, items_2, lair_1,
          lair_end, items_3, orc_1, orc_end, items_4, d_15, swamp_1, shoals_1,
          snake_1, spider_1, d_20, vaults_1, items_5, swamp_end, shoals_end,
          snake_end, spider_end, vaults_end, d_27, items_6, zot_1, zot_end,
          crypt_end, forest_end, elf_end, slime_end, tomb_end, abyss_end,
          pan_hell_end]

Skill      XL: |  1  2  3  4  5  6  7 |
---------------+----------------------+-----
Fighting       | 5 6 8 9 11 12 | 12.4
Polearms       | 5 7 8 10 12 13 | 13.1
Armour         | 3 4 5 6 |  6.7
Dodging        | 3 4 5 6 7 |  7.5

Action                   |  1- 3 |  4- 6 |  7- 9 || total
-------------------------+-------+-------+-------++-------
Melee: Spear             |    28 |    38 |    17 ||    83
       Headbutt          |     2 |    12 |     3 ||    17
  Use: Potion            |     1 |       |       ||     1
Armor: Animal skin       |     3 |     1 |       ||     4
       Plate armour      |       |    14 |    11 ||    25
Dodge: Dodged            |    13 |    10 |       ||    23
